 Dungeon Crawl Stone Soup version 0.29-a0-775-g4d7333d4e2 (webtiles) character file.

Game seed: 1652663197600300330

140 MrPompon the Gusty (level 5, -1/39 HPs)
             Began as a Draconian Air Elementalist on July 1, 2022.
             Was a Believer of Sif Muna.
             Slain by a black bear (2 damage)
             ... on level 4 of the Dungeon.
             The game lasted 00:27:41 (3858 turns).

MrPompon the Gusty (Draconian Air Elementalist)     Turns: 3858, Time: 00:27:45

Health: -1/39      AC:  8    Str: 18    XL:     5   Next: 2%
Magic:  4/8        EV: 12    Int: 22    God:    Sif Muna [**....]
Gold:   158        SH:  0    Dex: 11    Spells: 4/8 levels left

rFire   . . .      SeeInvis .   b - +1 short sword
rCold   . . .      Faith    .   (no shield)
rNeg    . . .      Spirit   .   (body armour unavailable)
rPois   .          Reflect  .   s - +2 hat
rElec   .          Harm     .   (no cloak)
rCorr   .          Rampage  .   z - +0 pair of gloves
Will    .....                   (no boots)
Stlth   ++........              (no amulet)
HPRegen 0.13/turn               d - +6 ring of strength
MPRegen 0.11/turn               o - +6 ring of intelligence

@: no status effects
A: AC +5, unfitting armour, cold-blooded
a: Renounce Religion, Channel Magic


You were on level 4 of the Dungeon.
You worshipped Sif Muna.
Sif Muna was pleased with you.
You visited 1 branch of the dungeon, and saw 5 of its levels.

You collected 158 gold pieces.

Inventory:

Hand Weapons
 b - a +1 short sword (weapon)
 c - a +0 sling
 f - a +0 club
 p - a +2 sling of flaming
Armour
 j - a +0 scale mail
 r - the +4 ring mail "Vessol" {rN+ Dex+4}
   (You found it on level 2 of the Dungeon)

   Dex:       It affects your dexterity (+4).
   rN:        It protects you from negative energy.
 s - a +2 hat (worn)
 z - a +0 pair of gloves (worn)
Magical Staves
 k - a staff of earth
Jewellery
 d - a +6 ring of strength (left hand)
 o - a +6 ring of intelligence (right hand)
 q - a ring of flight
Wands
 y - a wand of mindburst (15)
Scrolls
 h - a scroll of enchant armour
 l - a scroll of identify
 w - 2 scrolls of poison
 x - a scroll of brand weapon
Potions
 a - a potion of magic
 e - a potion of curing
 g - a potion of brilliance {unknown}
 n - a potion of attraction {unknown}
 v - a potion of mutation {unknown}
 A - a potion of heal wounds {unknown}


   Skills:
 + Level 0.5 Fighting
 + Level 1.6 Short Blades
 + Level 2.6 Dodging
 + Level 2.3 Stealth
 + Level 2.4 Spellcasting
 + Level 1.5 Conjurations
 + Level 3.9 Air Magic


You had 4 spell levels left.
You knew the following spells:

 Your Spells              Type           Power      Damage    Failure   Level
a - Shock                 Conj/Air       56%        1d6       4%          1
b - Swiftness             Air            20%        N/A       8%          3

Your spell library contained the following spells:

 Spells                   Type           Power      Damage    Failure   Level
 Static Discharge         Conj/Air       14%        3-5/arc   6%          2
 Freeze                   Ice            8%         1d3       13%         1
 Airstrike                Air            10%        0-4+      26%         4
 Frozen Ramparts          Ice            4%         1d2       36%         3
 Hailstorm                Conj/Ice       6%         3d4       67%         4
 Sticky Flame             Conj/Fire      6%         2d3       67%         4
 Dispel Undead            Necr           2%         3d7       78%         4


Dungeon Overview and Level Annotations

Branches:
Dungeon (5/15)
 Temple: D:4-7

Altars:
Makhleb
Sif Muna


Innate Abilities, Weirdness & Mutations

Your plain brown scales are hard. (AC +5)
You cannot fit into any form of body armour.
You are cold-blooded and may be slowed by cold attacks.


Message History

A bullfrog zombie comes into view.
You have reached level 5!
Okay, then.
Okay, then.
Casting: Shock (safe; 4% risk of failure)
Confirm with . or Enter, or press ? or * to list all spells.
You don't know that spell.
Really walk into that cloud of poison gas? [Y]es or [N]o only, please.
Really walk into that cloud of poison gas? [Y]es or [N]o only, please.
Really walk into that cloud of poison gas? [Y]es or [N]o only, please.
Really walk into that cloud of poison gas? [Y]es or [N]o only, please.
Really walk into that cloud of poison gas?
Okay, then.
Casting: Shock (safe; 4% risk of failure)
Confirm with . or Enter, or press ? or * to list all spells.
Aiming: Shock (safe; 4% risk of failure)
Press: ? - help, Shift-Dir - straight line, f - black bear
Aim: a black bear (poison gas, severely wounded, very poisoned, 79% to hit)
The zap hits the black bear.
The black bear is almost dead.
The black bear is engulfed in poison gas.
The black bear looks as sick as possible!
The black bear goes berserk!
The worm bites you.
* * * LOW HITPOINT WARNING * * *
The hound zombie bites you but does no damage.
Casting: Shock (safe; 4% risk of failure)
Confirm with . or Enter, or press ? or * to list all spells.
Okay, then.
Okay, then.
As you read the scroll of identify, it crumbles to dust.
e - a potion of curing The black bear looks as sick as possible!
The black bear bites you.
* * * LOW HITPOINT WARNING * * *
The black bear claws you.
You die...

... §§ §# ##§# #§§
##☼#######
#§§§§§☼§§#
#(Z§☼§§☼☼#
#@w§§§§§§#
#☼h§☼§§§§§§#
#§§☼§§...§.#
#§§§§☼§.§§§§#
#§§§§§§.☼§§§#
#.☼§§§..§§§.# #
#Z§§☼§§§§§.§#
#.####☼☼###☼§§§###
#.....


You could see a black bear (berserk, extremely poisoned), a worm, a hound zombie
and a bullfrog zombie.

Vanquished Creatures
  A scorpion zombie (D:4)
  2 adders (D:3)
  An adder zombie (D:4)
  A dart slug (D:1)
  An orc (D:3)
  11 bats
  6 endoplasms
  5 giant cockroaches
  2 goblins
  8 hobgoblins
  8 jackals (D:1)
  4 kobolds
  5 quokkas
  6 ball pythons
  3 frilled lizards
  20 rats
84 creatures vanquished.

Vanquished Creatures (others)
  A withered plant (D:4)
1 creature vanquished.

Grand Total: 85 creatures vanquished

Notes
Turn   | Place    | Note
-------+----------+-------------------------------------------
     0 | D:1      | MrPompon the Draconian Air Elementalist began the quest for
                  | the Orb.
     0 | D:1      | Reached XP level 1. HP: 14/14 MP: 3/3
   313 | D:1      | Reached XP level 2. HP: 6/20 MP: 1/5
  1225 | D:1      | Reached XP level 3. HP: 21/26 MP: 3/6
  1388 | D:1      | Found a faded altar of an unknown god.
  1395 | D:1      | Prayed at the altar of an unknown god.
  1395 | D:1      | Became a worshipper of Sif Muna the Loreminder
  1395 | D:1      | Reached * piety under Sif Muna
  1833 | D:2      | Learned a level 3 spell: Swiftness
  2045 | D:2      | Found a burning altar of Makhleb.
  2063 | D:2      | Reached skill level 1 in Short Blades
  2557 | D:2      | Identified the +4 ring mail "Vessol" {rN+ Dex+4}
  2577 | D:3      | Reached ** piety under Sif Muna
  2752 | D:3      | Reached XP level 4. HP: 33/33 MP: 5/7
  3480 | D:4      | Noticed an ogre
  3480 | D:4      | Noticed a black bear
  3497 | D:5      | Entered Level 5 of the Dungeon
  3857 | D:4      | Reached XP level 5. HP: 11/39 MP: 5/8
  3858 | D:4      | HP: 1/39 [black bear (6)]
  3858 | D:4      | Slain by a black bear

Illustrated notes

Levels and vault maps discovered:
D:1:      dpeg_arrival_short_road, layout_basic,
          dilly_ecumenical_altar_fadedgnrine
D:2:      layout_loops_cross, basic_altar
D:3:      layout_loops_corners, minmay_rat_hole
D:4:      layout_rooms, nzn_wu_jian_contemplation,
          mainiacjoe_overflow_large_starburst, serial_undead, serial_undead_e,
          serial_undead_a, serial_undead_d, serial_undead_a, serial_undead_d,
          serial_undead_e, serial_undead_b, serial_undead_a, serial_undead_e,
          serial_undead_b
D:5:      kennysheep_big_flooded_room, layout_basic, nemelex_dance_club_becter,
          chequers_serial_rivers_micro_c, dreamdust_princess_bridge,
          uniq_crazy_yiuf_cottage, uniq_menkaure, uniq_sigmund

Skill      XL: |  1  2  3 |
---------------+----------+-----
Dodging        | 2 |  2.6
Stealth        | 2 |  2.3
Short Blades   | 1 |  1.6
Fighting       | |  0.5
Spellcasting   | |  2.4
Conjurations   | |  1.5
Air Magic      | |  3.9

Action                   |  1- 3 |  4- 6 || total
-------------------------+-------+-------++-------
Melee: Short sword       |   145 |    56 ||   201
       Unarmed           |     4 |       ||     4
       Tailslap          |    13 |     9 ||    22
       Punch             |     1 |       ||     1
 Cast: Shock             |    31 |    16 ||    47
       Swiftness         |       |     1 ||     1
  Use: Scroll            |       |     8 ||     8
 Stab: Sleeping          |     4 |       ||     4
Armor: Skin              |    74 |    51 ||   125
Dodge: Dodged            |   137 |    79 ||   216

Table legend: (Time is in decaauts)
 A = Elapsed time spent in this place.
 B = Non-inter-level travel time spent in this place.
 C = Inter-level travel time spent in this place.
 D = Time resting spent in this place.
 E = Time spent auto-exploring this place.
 F = Levels seen in this place.
 G = Mean time per level.
                   A        B        C        D        E       F      G
               +--------+--------+--------+--------+--------+-----+--------+
         Total |   3867 |   3830 |     37 |   1010 |    588 |   5 |  773.4 |
       Dungeon |   3867 |   3830 |     37 |   1010 |    588 |   5 |  773.4 |
               +--------+--------+--------+--------+--------+-----+--------+

Top non-repeatable levels by time:
     D:1: 1812 daAuts
     D:3: 912 daAuts
     D:2: 764 daAuts
     D:5: 334 daAuts
     D:4: 43 daAuts
